 Dungeon Crawl Stone Soup version 0.30-a0-782-ge64f9170bb (webtiles) character file.

Game seed: 10005725440265088230

72 Rueben the Grave Robber (level 4, 0/34 HPs)
             Began as a Ghoul Necromancer on Feb 26, 2023.
             Was a Follower of Wu Jian.
             Slain by Terence
             ... wielding a +0 short sword
              (3 damage)
             ... on level 3 of the Dungeon.
             The game lasted 00:39:48 (3280 turns).

Rueben the Grave Robber (Ghoul Necromancer)         Turns: 3280, Time: 00:39:48

Health: 0/34       AC:  2    Str: 11    XL:     4   Next: 25%
Magic:  1/6        EV: 12    Int: 12    God:    Wu Jian [*.....]
Gold:   160        SH:  0    Dex: 15    Spells: 4/8 levels left

rFire   . . .      SeeInvis .    r - +0 spear
rCold   + . .      Faith    .    (no shield)
rNeg    + + +      Spirit   .    a - +0 robe
rPois   ∞          Reflect  .    (no helmet)
rElec   .          Harm     .    (no cloak)
rCorr   .          Rampage  .    (no gloves)
Will    .....                    (no boots)
Stlth   ++                       (no amulet)
HPRegen 0.00/turn                e - +6 ring of dexterity
MPRegen 0.10/turn                (no ring)

@: inhibited regen
A: claws 1, cold resistance 1, negative energy resistance 3, inhibited
regeneration, torment resistance 2, devour on kill
a: Renounce Religion


You were on level 3 of the Dungeon.
You worshipped Wu Jian.
Wu Jian was aware of your devotion.
You visited 1 branch of the dungeon, and saw 3 of its levels.

You collected 160 gold pieces.

Inventory:

Hand Weapons
 c - a +0 whip
 d - a +0 short sword
 f - a +0 dagger
 h - a +0 mace
 i - a +0 club
 k - a +0 short sword
 q - a +0 club
 r - a +0 spear (weapon)
 w - a +0 trident
 y - a +0 whip
 z - a +0 scimitar
Missiles
 n - 2 javelins
 u - 9 poisoned darts (quivered)
 v - 3 boomerangs
Armour
 a - a +0 robe (worn)
 l - a +0 ring mail
 p - a +0 robe
 x - a +1 chain mail
Jewellery
 e - a +6 ring of dexterity (left claw)
Scrolls
 g - 2 scrolls of identify
 j - 2 scrolls of teleportation
 A - a scroll of magic mapping
Potions
 b - a potion of magic
 m - a potion of curing {unknown}
 o - a potion of haste {unknown}
 s - a potion of degeneration {unknown}
 t - a potion of cancellation {unknown}


   Skills:
 + Level 0.3 Fighting
 + Level 0.2 Polearms
 + Level 0.3 Armour
 + Level 2.2 Dodging
 + Level 2.2 Stealth
 + Level 2.5 Spellcasting
 + Level 4.7 Necromancy


You had 4 spell levels left.
You knew the following spells:

 Your Spells              Type           Power      Damage    Failure   Level
a - Necrotise             Necr           48%        1d6       3%          1
b - Vampiric Draining     Necr           12%        2d6       11%         3

Your spell library contained the following spells:

 Spells                   Type           Power      Damage    Failure   Level
 Foxfire                  Conj/Fire      4%         2x1d4     26%         1
 Blink                    Tloc           2%         N/A       36%         2
 Lesser Beckoning         Tloc           2%         N/A       36%         2
 Momentum Strike          Conj/Tloc      2%         3d8       36%         2
 Animate Dead             Necr           12%        N/A       36%         4
 Agony                    Necr           12%        N/A       71%         5
 Fireball                 Conj/Fire      0%         3d3       100%        5
 Starburst                Conj/Fire      0%         6d3       100%        6


Dungeon Overview and Level Annotations

Branches:
Dungeon (3/15)

Altars:
Trog
Wu Jian

Shops:
D:2 *

Annotations:
D:3 Terence


Innate Abilities, Weirdness & Mutations

You are immune to poison.
You have sharp fingernails.
Your flesh is cold resistant. (rC+)
You are immune to negative energy. (rN+++)
You do not regenerate when monsters are visible.
You are immune to unholy pain and torment.
You thrive by killing the living.


Message History

Terence closely misses you.
You barely miss Terence.
Terence is heavily wounded.
Terence barely misses you.
You hit Terence but do no damage.
Terence is heavily wounded.
Terence hits you with a +0 short sword.
You barely miss Terence.
Terence is heavily wounded.
Terence hits you with a +0 short sword.
You barely miss Terence.
Terence is heavily wounded.
Terence hits you but does no damage.
You closely miss Terence.
Terence is heavily wounded.
Terence hits you with a +0 short sword.
* * * LOW HITPOINT WARNING * * *
Casting: Necrotise (safe; 3% risk of failure)
Confirm with . or Enter, or press ? or * to list all spells.
The spell is quite dangerous to miscast (11% risk of failure)!
Continue anyway?
Aiming: Vampiric Draining (quite dangerous; 11% risk of failure)
Press: ? - help, Shift-Dir - straight line, f/p - Terence
Aim: Terence, wielding a +0 short sword and wearing a +0 scale mail (heavily wounded)
You draw life force from Terence!
You feel life coursing into your body. Terence misses you.
You closely miss Terence.
Terence is almost dead.
Terence closely misses you. Terence hits you with a +0 short sword.
* * * LOW HITPOINT WARNING * * *
You hit Terence but do no damage. You claw Terence, but do no damage.
Terence is almost dead.
Terence hits you with a +0 short sword.
* * * LOW HITPOINT WARNING * * *
You hit Terence but do no damage.
Terence is almost dead.
Terence misses you.
You hit Terence but do no damage.
Terence is almost dead.
Terence hits you with a +0 short sword.
You die...

# #.##.....<....##.### #
#.##.#.###.##......# #
#......# #.......#.# #
####.### ########### # #.#
*,,** #.# ####*_,,** ## #.#
#####..##,,,,** .## #.#
#.......##*,,,** ..#
#.####.....@..#**,,,** ..#
#..........#@..#∩*,,,***
..####.####.....##...#**,,,,*
......># #.....#*#...#**,,,*
#.####.# #######,*#....**,,*
..#....# *,**#.)_***,*
###.#### ***,,,*#..*,,,* #.#
*,,,,,**##*,*** ###.# *****
*,***,**,*,,*


You could see Terence.

Vanquished Creatures
  2 adders (D:3)
  A worm (D:3)
  2 dart slugs (D:1)
  4 ball pythons
  3 endoplasms
  5 giant cockroaches
  5 goblins
  A jackal (D:1)
  4 kobolds
  2 quokkas (D:1)
  4 bats
  A frilled lizard (D:2)
  4 rats
38 creatures vanquished.

Vanquished Creatures (collateral kills)
  A worm (D:3)
  A bat (D:2)
2 creatures vanquished.

Grand Total: 40 creatures vanquished

Notes
Turn   | Place    | Note
-------+----------+-------------------------------------------
     0 | D:1      | Rueben the Ghoul Necromancer began the quest for the Orb.
     0 | D:1      | Reached XP level 1. HP: 14/14 MP: 2/2
   278 | D:1      | Reached XP level 2. HP: 19/20 MP: 1/3
   680 | D:1      | Found a faded altar of an unknown god.
   685 | D:1      | Prayed at the altar of an unknown god.
   685 | D:1      | Became a worshipper of the Wu Jian Council
   685 | D:1      | Reached * piety under Wu Jian
  1371 | D:2      | Reached XP level 3. HP: 26/26 MP: 0/5
  1631 | D:2      | Found Cuofiel's Assorted Antiques.
  2486 | D:3      | Reached XP level 4. HP: 19/33 MP: 1/6
  2638 | D:3      | Learned a level 3 spell: Vampiric Draining
  3061 | D:3      | Learned a level 3 spell: Vampiric Draining
  3259 | D:3      | Noticed Terence
  3260 | D:3      | Found a bloodstained altar of Trog.
  3280 | D:3      | Slain by Terence

Illustrated notes

Levels and vault maps discovered:
D:1:      matt_arrival_spirals, layout_basic, basic_ecumenical_altar,
          st_stairs_10
D:2:      layout_basic, serial_shops, shop
D:3:      layout_loops_cross, nzn_overflow_gifts_of_might_and_magic

Skill      XL: |  1  2 |
---------------+-------+-----
Spellcasting   | 2 |  2.5
Dodging        | 2 |  2.2
Fighting       | |  0.3
Polearms       | |  0.2
Armour         | |  0.3
Stealth        | |  2.2
Necromancy     | |  4.7

Action                     |  1- 3 |  4- 6 || total
---------------------------+-------+-------++-------
  Melee: Unarmed           |    25 |       ||    25
         Dagger            |     7 |       ||     7
         Spear             |    13 |    45 ||    58
         Punch             |       |     1 ||     1
  Throw: Dart              |       |     1 ||     1
   Cast: Necrotise         |    52 |    15 ||    67
         Vampiric Draining |       |     3 ||     3
Ability: Whirlwind         |     1 |     2 ||     3
         Lunge             |     1 |       ||     1
    Use: Potion            |     2 |       ||     2
         Scroll            |       |     6 ||     6
 Armour: Robe              |     6 |     1 ||     7
         Ring mail         |    20 |     1 ||    21
  Dodge: Dodged            |    33 |    20 ||    53

Table legend: (Time is in decaauts)
 A = Elapsed time spent in this place.
 B = Non-inter-level travel time spent in this place.
 C = Inter-level travel time spent in this place.
 D = Time resting spent in this place.
 E = Time spent auto-exploring this place.
 F = Levels seen in this place.
 G = Mean time per level.
                   A        B        C        D        E       F      G
               +--------+--------+--------+--------+--------+-----+--------+
         Total |   3280 |   3219 |     61 |    106 |   2159 |   3 | 1093.3 |
       Dungeon |   3280 |   3219 |     61 |    106 |   2159 |   3 | 1093.3 |
               +--------+--------+--------+--------+--------+-----+--------+

Top non-repeatable levels by time:
     D:1: 1326 daAuts
     D:2: 1029 daAuts
     D:3: 924 daAuts
